 Dungeon Crawl Stone Soup version 0.30.1-4-g462c640d31 (webtiles) character file.

Game seed: 5235466645153163600

107130 Babbit the Severer (level 15, -17/133 (145) HPs)
             Began as a Minotaur Fighter on Sept 12, 2023.
             Was the Champion of Okawaru.
             Demolished by Saint Roka
             ... wielding a +3 great mace of draining
              (32 damage)
             ... on level 2 of the Orcish Mines on Sept 13, 2023.
             The game lasted 02:23:47 (20074 turns).

Babbit the Severer (Minotaur Fighter)              Turns: 20074, Time: 02:23:48

HP:   -17/133 (145) AC: 36    Str: 26    XL:     15   Next: 99%
MP:   0/24          EV: 17    Int:  2    God:    Okawaru [******]
Gold: 3356          SH: 22    Dex: 18    Spells: 13/14 levels left

rFire   + . .        y - +10 broad axe of Mastery {drain, MP+9 Int-2 Dex+3}
rCold   + + .        V - +0 tower shield {rC+}
rNeg    . . .        e - +12 chain mail of the Lily {*Slow rElec rC+ Will+}
rPois   .            Q - +2 hat
rElec   +            N - +2 cloak {Will+}
rCorr   .            (no gloves)
SInv    .            Z - +2 pair of boots {Fly}
Will    +++..        b - amulet of guardian spirit
Stlth   ++           p - ring of wizardry
HPRegen 0.42/turn    O - ring of protection from fire
MPRegen 0.19/turn

%: slow self (1%), guardian spirit, wizardry (x1)
@: heroic, flying, studying Translocations, drained
A: horns 2, retaliatory headbutt, agile 1
a: Renounce Religion, Heroism, Finesse, Duel


You were on level 2 of the Orcish Mines.
You worshipped Okawaru.
Okawaru was exalted by your worship.
You visited 4 branches of the dungeon, and saw 23 of its levels.
You also visited: Ice Cave.

You collected 3581 gold pieces.
You spent 225 gold pieces at shops.

Inventory:

Hand Weapons
 y - the +10 broad axe of Mastery (weapon) {drain, MP+9 Int-2 Dex+3}
   (Okawaru gifted it to you on level 4 of the Lair of Beasts)

   Int:       It affects your intelligence (-2).
   Dex:       It affects your dexterity (+3).
   MP:        It affects your magic capacity (+9).
 K - the +5 broad axe of Bogag {flame, rElec rPois Int-5 SInv}
   (Okawaru gifted it to you in an ice cave)

   Int:       It affects your intelligence (-5).
   rElec:     It insulates you from electricity.
   rPois:     It protects you from poison.
   SInv:      It lets you see invisible.
 M - a +5 scimitar of flaming
Missiles
 g - a throwing net
 r - 3 silver javelins
 s - 2 atropa-tipped darts (quivered)
 L - 6 boomerangs of dispersal
Armour
 e - the +12 chain mail of the Lily (worn) {*Slow rElec rC+ Will+}
   (Okawaru gifted it to you on level 10 of the Dungeon)

   rC:        It protects you from cold.
   rElec:     It insulates you from electricity.
   *Slow:     It may slow you when you take damage.
   Will:      It increases your willpower.
 u - the +4 plate armour of Entitlement {rF+ rN+ Stlth+}
   (You found it on level 5 of the Lair of Beasts)

   rF:        It protects you from fire.
   rN:        It protects you from negative energy.
   Stlth:     It makes you more stealthy.
 B - the +1 chain mail "Ceynem" {Rampage rF+ Dex+5 Stlth-}
   (Okawaru gifted it to you on level 12 of the Dungeon)

   Dex:       It affects your dexterity (+5).
   rF:        It protects you from fire.
   Rampage:   It bestows one free step when moving towards enemies.
   Stlth:     It makes you less stealthy.
 I - the +4 skin of Zhor {*Englaciate rC+++ SInv}
   (You found it on level 7 of the Dungeon)

   *Englaciate: It radiates cold, occasionally slowing all nearby creatures who
   are not resistant to cold.
   rC:        It renders you almost immune to cold.
   SInv:      It lets you see invisible.
 N - a +2 cloak of willpower (worn)
 Q - a +2 hat (worn)
 V - a +0 tower shield of cold resistance (worn)
 Z - a +2 pair of boots of flying (worn)
Jewellery
 b - an amulet of guardian spirit (around neck)
 h - an amulet of the acrobat
 p - a ring of wizardry (left hand)
 z - an amulet of regeneration
 A - a +6 ring of dexterity
 O - a ring of protection from fire (right hand)
 R - a +6 ring of intelligence
 T - a ring of flight
Wands
 a - a wand of polymorph (17)
 m - a wand of quicksilver (22)
 G - a wand of mindburst (10)
 X - a wand of roots (16)
Scrolls
 i - a scroll of magic mapping
 k - 2 scrolls of poison
 l - a scroll of amnesia
 n - 3 scrolls of fog
 t - 3 scrolls of fear
 v - 6 scrolls of teleportation
 E - a scroll of blinking {unknown}
 H - a scroll of immolation {unknown}
 S - a scroll of silence
 Y - a scroll of brand weapon {unknown}
Potions
 c - 3 potions of berserk rage
 d - 3 potions of might
 f - 5 potions of lignification
 j - 7 potions of curing
 o - 2 potions of brilliance
 q - 5 potions of cancellation
 w - 5 potions of heal wounds
 x - 7 potions of flight
 D - 2 potions of magic
 F - 4 potions of haste
 P - 2 potions of resistance
Miscellaneous
 W - a condenser vane


   Skills:
 + Level 16.5(21.5) Fighting
 + Level 6.9(11.9) Long Blades
 + Level 19.2(24.2) Axes
 + Level 3.5(8.5) Throwing
 + Level 13.7(18.7) Armour
 + Level 9.7(14.7) Dodging
 + Level 4.0(9.0) Stealth
 + Level 14.5(19.5) Shields
 + Level 1.9 Invocations
 + Level 1.1 Evocations


You had 13 spell levels left.
You knew the following spells:

 Your Spells              Type           Power      Damage    Failure   Level
a - Sandblast             Erth           0%         2d4       73%         1

Your spell library contained the following spells:

 Spells                   Type           Power      Damage    Failure   Level
 Apportation              Tloc           0%         N/A       73%         1
 Freeze                   Ice            0%         1d3       73%         1
 Magic Dart               Conj           0%         1d3       73%         1
 Necrotise                Necr           0%         1d4       73%         1
 Ensorcelled Hibernation  Hex/Ice        0%         N/A       86%         2
 Passwall                 Tmut/Erth      0%         N/A       86%         2
 Scorch                   Fire           0%         2d5       86%         2
 Static Discharge         Conj/Air       0%         2-2/arc   86%         2
 Frozen Ramparts          Ice            0%         1d1       97%         3
 Hailstorm                Conj/Ice       0%         3d3       97%         3
 Mephitic Cloud           Conj/Pois/Air  0%         N/A       97%         3
 Portal Projectile        Hex/Tloc       0%         N/A       97%         3
 Stone Arrow              Conj/Erth      0%         3d7       97%         3
 Swiftness                Air            0%         N/A       97%         3
 Vhi's Electric Charge    Tloc/Air       0%         N/A       97%         3
 Volatile Blastmotes      Fire/Tloc      0%         2d10      97%         3
 Airstrike                Air            0%         2d(0-16)  100%        4
 Flame Wave               Conj/Fire      0%         2d4       100%        4
 Fulminant Prism          Conj/Hex       0%         3d5       100%        4
 Ice Form                 Ice/Tmut       0%         N/A       100%        4
 Iskenderun's Mystic Bla  Conj/Tloc      0%         2d3       100%        4
 Leda's Liquefaction      Hex/Erth       0%         N/A       100%        4
 Passage of Golubria      Tloc           0%         N/A       100%        4
 Arcjolt                  Conj/Air       0%         1d10      100%        5
 Lee's Rapid Deconstruct  Erth           0%         3d4*      100%        5
 Silence                  Hex/Air        0%         N/A       100%        5
 Orb of Destruction       Conj           0%         9d5       100%        7
 Storm Form               Tmut/Air       0%         N/A       100%        7
 Lehudib's Crystal Spear  Conj/Erth      0%         10d2      100%        8
 Maxwell's Capacitive Co  Air            0%         ∞         100%        8
 Summon Small Mammal      Summ           Unusable   N/A       N/A         1
 Call Imp                 Summ           Unusable   N/A       N/A         2
 Call Canine Familiar     Summ           Unusable   N/A       N/A         3
 Summon Guardian Golem    Hex/Summ       Unusable   N/A       N/A         3
 Summon Lightning Spire   Summ/Air       Unusable   N/A       N/A         4
 Simulacrum               Ice/Necr       Unusable   N/A       N/A         6
 Summon Cactus Giant      Summ           Unusable   N/A       N/A         6
 Spellforged Servitor     Conj/Summ      Unusable   N/A       N/A         7

Dungeon Overview and Level Annotations

Branches:
Dungeon (15/15)            Temple (1/1) D:6            Lair (5/5) D:11
  Swamp (0/4) Lair:2        Snake (0/4) Lair:3        Slime (0/5) Lair:5
    Orc (2/2) D:12         Vaults (0/5) D:13         Depths (0/4) D:15
  IceCv (visited)
    Elf: Orc:2

Altars:
Ashenzari
Cheibriados
Fedhas
Gozag
Hepliaklqana
Kikubaaqudgha
Makhleb
Okawaru
Qazlal
Sif Muna
Trog
Uskayaw
Vehumet
Wu Jian
Xom
Yredelemnul
Zin
The Shining One
Jiyva

Shops:
D:8 *   D:9 *

Annotations:
Orc:2 Saint Roka


Innate Abilities, Weirdness & Mutations

You have a pair of horns on your head.
You reflexively headbutt those who attack you in melee.
You are agile. (Dex +4, Str/Int -1)


Message History

Saint Roka mumbles some strange prayers to Beogh against you.
Beogh smites you!
* * * LOW HITPOINT WARNING * * *
You feel much better. You block the orc knight's attack.
Saint Roka hits you with a +3 great mace of draining!!
* * * LOW HITPOINT WARNING * * *
You feel drained.
* * * LOW HITPOINT WARNING * * *
You hit Saint Roka. You headbutt Saint Roka!
Saint Roka is severely wounded.
You hit the orc knight but do no damage.
You drain the orc knight.
Saint Roka no longer looks unusually strong.
Saint Roka completely misses you.
The orc knight roars a battlecry!
Saint Roka goes into a battle-frenzy!
You feel much better.
Saint Roka calls down the wrath of Beogh upon you.
Beogh smites you!
* * * LOW HITPOINT WARNING * * *
You block the orc knight's attack.
You slice the orc knight!!
You kill the orc knight!
Okawaru accepts your kill.
You barely miss Saint Roka. You slash Saint Roka! You drain Saint Roka.
You headbutt Saint Roka!
Saint Roka is severely wounded.
You block Saint Roka's attack.
You slice Saint Roka!! You drain Saint Roka.
Saint Roka is almost dead.
Saint Roka invokes the aid of Beogh against you.
Beogh smites you!
* * * LOW HITPOINT WARNING * * *
You closely miss Saint Roka. You headbutt Saint Roka.
Saint Roka is almost dead.
Saint Roka barely misses you.
You barely miss Saint Roka. Your headbutt misses Saint Roka.
Saint Roka is almost dead.
Saint Roka hits you with a +3 great mace of draining!!
You die...

..# #........... ...##
###........#.. ....
##.##..........
#.###................
.#######..#.............#...
..o8..$.................#...
............................
..o..)o##....(.)o.........#
o.ho).o..÷.....)@)........#$
.oo8.h{##.....())....[......
.######.##..[).....#.[......
#...............)......
##............#.#......
#............####..##.
##............## ...#
#.............# ....
#.......#........< ...


You could see Saint Roka (strong, drained).

Vanquished Creatures
  A sphinx (D:12)
  Gastronok (D:11)
  A frost giant (IceCv)
  Snorg (D:14)
  Josephine (Lair:3)
  2 fire dragons
  An ettin (D:13)
  A yaktaur captain (D:12)
  6 hydras
  Harold (Lair:1)
  An ogre mage (D:10)
  2 ice dragons (D:15)
  The ghost of Gadrel the Thaumaturge, a journeyman DEDe of Gozag (Lair:3)
  5 two-headed ogres
  The ghost of Lyung the Destroyer, a journeyman DsCj of Gozag (D:13)
  8 centaur warriors
  2 deep troll earth magi (D:12)
  A tengu warrior (D:14)
  3 boulder beetles
  13 death yaks
  4 skysharks
  The ghost of ShadowTiger the Cudgeller, a novice DsGl of Makhleb (D:6)
  5 skeletal warriors (D:15)
  5 lindwurms
  Pikel (D:5)
  2 orc knights (Orc:2)
  2 deep elf pyromancers
  An orc sorcerer (Orc:2)
  A salamander (Lair:3)
  2 wolf spiders
  8 ugly things
  5 cyclopes
  A manticore (D:15)
  Maurice (Orc:1)
  8 black mambas
  Joseph (Lair:1)
  2 elephants (Lair:5)
  A black mamba (shapeshifter) (D:13)
  A torpor snail (Lair:5)
  An ice statue (IceCv)
  4 gargoyles
  11 cane toads
  2 unseen horrors
  Maggie (D:10)
  An efreet (D:15)
  4 kobold demonologists (D:13)
  6 komodo dragons
  A tengu conjurer (D:14)
  18 rime drakes
  3 meliai (D:13)
  5 trolls
  15 polar bears
  A queen bee (D:13)
  A raiju (Lair:5)
  A hornet (D:8)
  17 blink frogs
  A raiju (shapeshifter) (D:14)
  2 dream sheep (Lair:5)
  8 slime creatures
  A culicivora (shapeshifter) (D:13)
  Sigmund (D:5)
  A shadow (D:12)
  4 wyverns
  46 yaks
  9 wraiths
  6 basilisks
  A steam dragon (D:11)
  Edmund (D:5)
  9 vampire mosquitoes
  6 wargs
  An acid dragon (D:10)
  16 hell hounds (Lair:5)
  24 water moccasins
  3 sky beasts
  5 ice beasts
  24 orc warriors
  12 black bears
  An ogre (D:7)
  31 wolves
  21 centaurs
  2 lemures (D:5)
  3 scorpions
  8 kobold brigands (D:13)
  12 bullfrogs
  13 wights
  28 killer bees
  9 electric eels
  7 howler monkeys
  3 lava snakes (Lair:3)
  3 hounds
  4 jellies
  8 orc priests
  A gnoll bouda (D:7)
  4 iguanas
  23 orc wizards
  7 gnolls
  13 adders
  2 shadow imps
  A white imp (D:6)
  2 ufetubi
  6 worms
  A dart slug (D:3)
  60 orcs
  11 ball pythons
  8 endoplasms
  3 giant cockroaches
  14 goblins
  5 hobgoblins
  6 jackals
  7 kobolds
  4 quokkas
  3 bats
  4 frilled lizards
  2 rats
718 creatures vanquished.

Vanquished Creatures (others)
  A komodo dragon (Lair:3)
  An orc wizard (D:6)
2 creatures vanquished.

Grand Total: 720 creatures vanquished

Notes
Turn   | Place    | Note
-------+----------+-------------------------------------------
     0 | D:1      | Babbit the Minotaur Fighter began the quest for the Orb.
     0 | D:1      | Reached XP level 1. HP: 19/19 MP: 0/0
   267 | D:1      | Reached XP level 2. HP: 23/27 MP: 1/1
   885 | D:2      | Reached XP level 3. HP: 31/33 MP: 2/2
  1063 | D:2      | Reached skill level 3 in Axes
  1099 | D:2      | Reached XP level 4. HP: 39/40 MP: 3/3
  1215 | D:2      | Reached skill level 4 in Axes
  1517 | D:3      | Reached XP level 5. HP: 47/47 MP: 4/4
  1789 | D:3      | Noticed a sky beast
  1799 | D:3      | Killed a sky beast
  1800 | D:3      | Reached skill level 5 in Axes
  1800 | D:3      | Reached skill level 1 in Dodging
  2037 | D:4      | Reached XP level 6. HP: 45/53 MP: 5/5
  2628 | D:4      | Reached skill level 6 in Axes
  2628 | D:4      | Reached skill level 5 in Armour
  2684 | D:4      | Reached skill level 5 in Fighting
  2892 | D:4      | Reached skill level 1 in Stealth
  3224 | D:5      | Entered Level 5 of the Dungeon
  3327 | D:5      | Noticed Edmund
  3330 | D:5      | Noticed Pikel
  3335 | D:5      | Killed Edmund
  3336 | D:5      | Reached skill level 1 in Throwing
  3336 | D:5      | Reached XP level 7. HP: 22/61 MP: 6/6
  3338 | D:5      | HP: 3/61 [something (7)]
  3338 | D:5      | HP: 1/61 [something (2)]
  3398 | D:5      | Killed Pikel
  3399 | D:5      | Reached skill level 8 in Axes
  3399 | D:5      | Reached XP level 8. HP: 60/70 MP: 7/7
  4131 | D:5      | Noticed Sigmund
  4137 | D:5      | Killed Sigmund
  4153 | D:6      | Reached skill level 9 in Axes
  4186 | D:6      | Found a staircase to the Ecumenical Temple.
  4194 | Temple   | Entered the Ecumenical Temple
  4224 | Temple   | Became a worshipper of Warmaster Okawaru
  4576 | D:6      | Found a runed translucent door.
  4576 | D:6      | Noticed ShadowTiger's ghost (novice DsGl)
  5017 | D:6      | Reached * piety under Okawaru
  5108 | D:7      | Reached XP level 9. HP: 79/79 MP: 8/8
  5113 | D:6      | Reached skill level 10 in Axes
  5150 | D:7      | Reached skill level 5 in Shields
  5433 | D:7      | Noticed a rime drake
  5439 | D:7      | Noticed a rime drake
  5484 | D:7      | Reached skill level 11 in Axes
  5538 | D:7      | Reached ** piety under Okawaru
  5659 | D:7      | Noticed a rime drake
  6025 | D:6      | Killed ShadowTiger's ghost
  6183 | D:7      | Killed a rime drake
  6184 | D:7      | Reached XP level 10. HP: 48/88 MP: 9/9
  6185 | D:7      | Reached *** piety under Okawaru
  6186 | D:7      | Reached skill level 12 in Axes
  6206 | D:7      | Found the +4 skin of Zhor {*Englaciate rC+++ SInv}
  6409 | D:8      | Received a gift from Okawaru
  6448 | D:8      | Noticed a white ugly thing
  6464 | D:8      | Killed a white ugly thing
  6465 | D:8      | Reached skill level 10 in Armour
  6609 | D:8      | Reached **** piety under Okawaru
  6679 | D:8      | Received a gift from Okawaru
  6698 | D:8      | Noticed a two-headed ogre
  6713 | D:8      | Killed a two-headed ogre
  6714 | D:8      | Reached skill level 13 in Axes
  6834 | D:8      | Reached XP level 11. HP: 97/97 MP: 10/10
  6840 | D:8      | Found a glowing golden altar of the Shining One.
  6844 | D:8      | Found a hide-covered altar of Uskayaw.
  6889 | D:8      | Found Zin's Purification Station.
  6892 | D:8      | Found a glowing silver altar of Zin.
  7314 | D:9      | You fall into a shaft and drop 1 floor!
  7314 | D:10     | Entered Level 10 of the Dungeon
  7314 | D:10     | Found a hazy altar of Hepliaklqana.
  7314 | D:10     | Found an opulent altar of Gozag.
  7314 | D:10     | Found a shimmering blue altar of Sif Muna.
  7315 | D:10     | Noticed a two-headed ogre
  7324 | D:10     | Killed a two-headed ogre
  7367 | D:10     | Found an ancient bone altar of Kikubaaqudgha.
  7389 | D:10     | Noticed Maggie
  7402 | D:10     | Killed Maggie
  7484 | D:10     | Found an iron altar of Okawaru.
  7485 | D:10     | Noticed an ogre mage
  7506 | D:9      | Reached ***** piety under Okawaru
  7507 | D:9      | Reached skill level 5 in Dodging
  7643 | D:9      | Reached skill level 14 in Axes
  7659 | D:9      | Learned a level 1 spell: Sandblast
  7664 | D:9      | Found Mor Fep's Assorted Antiques.
  7672 | D:9      | Bought a glowing cloak for 225 gold pieces
  7977 | D:10     | Reached skill level 10 in Fighting
  7988 | D:10     | Killed an ogre mage
  8496 | D:11     | Noticed a death yak
  8496 | D:11     | Noticed a death yak
  8496 | D:11     | Found a staircase to the Lair.
  8497 | D:11     | Noticed a death yak
  8497 | D:11     | Noticed a death yak
  8498 | D:11     | Noticed a death yak
  8509 | D:10     | Killed a death yak
  8509 | D:10     | Identified the +12 chain mail of the Lily {*Slow rElec rC+
                  | Will+} (Okawaru gifted it to you on level 10 of the
                  | Dungeon)
  8509 | D:10     | Received a gift from Okawaru
  8513 | D:10     | Killed a death yak
  8536 | D:10     | Killed a death yak
  8541 | D:10     | Killed a death yak
  8543 | D:10     | Reached skill level 1 in Invocations
  8617 | D:10     | Killed a death yak
  8618 | D:10     | Reached XP level 12. HP: 105/110 MP: 9/11
  8631 | D:11     | Reached skill level 15 in Axes
  8738 | D:11     | Noticed Gastronok
  8756 | D:11     | Killed Gastronok
  8852 | D:11     | Noticed a two-headed ogre
  8858 | D:11     | Killed a two-headed ogre
  9020 | D:11     | Noticed a boulder beetle
  9050 | D:11     | Killed a boulder beetle
  9283 | D:11     | Noticed a two-headed ogre
  9289 | D:11     | Killed a two-headed ogre
  9289 | D:11     | Received a gift from Okawaru
  9346 | D:11     | Noticed a centaur warrior
  9353 | D:11     | Killed a centaur warrior
  9398 | Lair:1   | Entered Level 1 of the Lair of Beasts
  9408 | Lair:1   | Noticed Joseph
  9433 | Lair:1   | Killed Joseph
  9650 | Lair:1   | Noticed Harold
  9665 | Lair:1   | Killed Harold
  9747 | Lair:1   | Identified the +6 scale mail of Entitlement {rElec rC-
                  | rN+++ Str-3}
 10231 | Lair:1   | Found the +8 whip "Snakebite" {venom, curare, rPois}
 10438 | Lair:2   | Reached XP level 13. HP: 115/119 MP: 13/13
 10485 | Lair:2   | Reached skill level 16 in Axes
 10767 | Lair:2   | Reached ****** piety under Okawaru
 11040 | Lair:2   | Found a staircase to the Swamp.
 11339 | Lair:3   | Noticed Josephine
 11351 | Lair:3   | Killed Josephine
 11351 | Lair:3   | Identified the +0 chain mail of Inevitability {rF+}
                  | (Okawaru gifted it to you on level 3 of the Lair of Beasts)
 11351 | Lair:3   | Received a gift from Okawaru
 11598 | Lair:3   | Found a large runed translucent door.
 11598 | Lair:3   | Found a large runed translucent door.
 11599 | Lair:3   | Noticed Gadrel's ghost (journeyman DEDe)
 11668 | Lair:3   | Killed Gadrel's ghost
 11669 | Lair:3   | Reached skill level 1 in Long Blades
 12081 | Lair:3   | Noticed a fire dragon
 12112 | Lair:3   | Killed a fire dragon
 12305 | Lair:3   | Found a staircase to the Snake Pit.
 12815 | Lair:3   | Reached skill level 1 in Evocations
 13155 | Lair:4   | Reached skill level 10 in Shields
 13278 | Lair:4   | Identified the +10 broad axe of Mastery {drain, MP+9 Int-2
                  | Dex+3} (Okawaru gifted it to you on level 4 of the Lair of
                  | Beasts)
 13278 | Lair:4   | Received a gift from Okawaru
 13279 | Lair:4   | Reached skill level 5 in Long Blades
 13695 | Lair:5   | Entered Level 5 of the Lair of Beasts
 13706 | Lair:5   | Found a viscous altar of Jiyva.
 13711 | Lair:5   | Found a staircase to the Slime Pits.
 13770 | Lair:5   | Identified the +4 plate armour of Entitlement {rF+ rN+
                  | Stlth+}
 13968 | Lair:5   | Reached XP level 14. HP: 130/130 MP: 14/14
 14242 | Lair:5   | Reached skill level 17 in Axes
 14247 | Lair:5   | Received a gift from Okawaru
 14492 | Lair:5   | Received a gift from Okawaru
 15546 | Lair:5   | Identified the +9 rapier of Domination {freeze, Fly Stlth+}
 15625 | Lair:5   | Identified the +5 flail "Niocohum" {drain, Dex+4}
 15873 | D:12     | Found a staircase to the Orcish Mines.
 15992 | D:12     | Found a frozen archway.
 16004 | IceCv    | Entered an ice cave
 16037 | IceCv    | Reached skill level 18 in Axes
 16205 | IceCv    | Noticed a frost giant
 16218 | IceCv    | Killed a frost giant
 16219 | IceCv    | Identified the +5 broad axe of Bogag {flame, rElec rPois
                  | Int-5 SInv} (Okawaru gifted it to you in an ice cave)
 16219 | IceCv    | Received a gift from Okawaru
 16225 | IceCv    | Reached skill level 15 in Fighting
 16369 | IceCv    | Reached XP level 15. HP: 136/141 MP: 15/15
 16709 | D:12     | Found a shimmering altar of Xom.
 16709 | D:12     | Found a shimmering altar of Xom.
 16709 | D:12     | Found a shimmering altar of Xom.
 16709 | D:12     | Found a shimmering altar of Xom.
 16711 | D:12     | Found a shimmering altar of Xom.
 16711 | D:12     | Found a shimmering altar of Xom.
 16728 | D:12     | Found a shimmering altar of Xom.
 16733 | D:12     | Found a shimmering altar of Xom.
 16748 | D:12     | Noticed a sphinx
 16760 | D:12     | Killed a sphinx
 17219 | D:13     | Received a gift from Okawaru
 17623 | D:13     | Found a gate to the Vaults.
 17660 | D:13     | Found a runed translucent gate.
 17660 | D:13     | Found a runed translucent gate.
 17661 | D:13     | Found a runed translucent gate.
 17663 | D:13     | Noticed Lyung's ghost (journeyman DsCj)
 17683 | D:13     | Killed Lyung's ghost
 18024 | D:13     | Identified 2 scrolls of acquirement
 18027 | D:13     | Acquired a manual of Translocations
 18029 | D:13     | Acquired 1134 gold pieces
 18405 | D:14     | Noticed Snorg
 18414 | D:14     | Killed Snorg
 18451 | D:14     | Identified the +1 short sword of the Desert {flame, rC+
                  | Str+4}
 18471 | D:14     | Reached skill level 19 in Axes
 18810 | D:15     | Entered Level 15 of the Dungeon
 18957 | D:15     | Found a staircase to the Depths.
 19042 | D:15     | Received a gift from Okawaru
 19568 | D:12     | Identified the +1 chain mail "Ceynem" {Rampage rF+ Dex+5
                  | Stlth-} (Okawaru gifted it to you on level 12 of the
                  | Dungeon)
 19568 | D:12     | Received a gift from Okawaru
 19588 | Orc:1    | Entered Level 1 of the Orcish Mines
 19636 | Orc:1    | Noticed Maurice
 19666 | Orc:1    | Killed Maurice
 19769 | Orc:2    | Entered Level 2 of the Orcish Mines
 19818 | Orc:2    | Noticed Saint Roka
 19822 | Orc:2    | Gained mutation: You are agile. (Dex +4, Str/Int -1) [a
                  | neqoxec]
 20074 | Orc:2    | Demolished by Saint Roka

Illustrated notes

Levels and vault maps discovered:
D:1:      ldierk_walled_garden_2, layout_basic
D:2:      layout_basic, serial_curves, eino_curves_02, eino_curves_01
D:3:      layout_rooms
D:4:      layout_loops_corners
D:5:      layout_basic, uniq_edmund, uniq_sigmund, uniq_pikel
D:6:      layout_gridville, minmay_temple_entry_glass, gammafunk_ghost_grave,
          minmay_strange_pillars, nicolae_figureground_pulse
D:7:      layout_rooms, minmay_misc_feat_encased, grunt_decor_clamped,
          hangedman_decor_diamond_cutter, chequers_jeans, abandoned_shop,
          hellmonk_guarded_unrand_zhor
D:8:      nzn_winding_woodlands_three_and_one
          [nzn_winding_woodlands_5x15_split_checker,
          nzn_winding_woodlands_5x15_twine,
          nzn_winding_woodlands_5x15_concentric,
          nzn_winding_woodlands_center_garden], layout_basic,
          gammafunk_temple_overflow_statue, zin_purify
D:9:      layout_big_octagon, serial_shops, shop
D:10:     layout_basic, grunt_temple_overflow_open, hangedman_feature_mirror,
          uniq_maggie
D:11:     layout_roguey, dpeg_lair_monsters, uniq_gastronok
D:12:     thingy_vault, layout_gridville, david_orc_2,
          portal_ice_cave_entry_pillars_1, xom_shifter_show
D:13:     layout_roguey, david_vaults_4, special_room [special_room_bee],
          gammafunk_ghost_nasty_kobolds
D:14:     layout_basic, uniq_snorg
D:15:     grunt_enter_depths_hoard, layout_rooms, serial_park_tiny_pond
Temple:   compressed_dpeg_triangle_lava_temple
Lair:1:   minmay_guarded_unrand_snakebite, layout_regular_city,
          serial_bayou_lake_a, uniq_harold, uniq_joseph
Lair:2:   layout_gridlike, swamp_mist, nicolae_quartered_pool_impasse,
          grunt_megastairs_4
Lair:3:   dragon1_lemuel, layout_gridlike, nicolae_snake_entry_warm_welcome,
          ebering_ghost_disaster_area, kennysheep_catoblepas_arena,
          serial_bayou_shore_b, uniq_josephine
Lair:4:   layout_big_grid, nicolae_lair_lindhole, lemuel_fruit_tree,
          serial_bayou_shore_a, lemuel_fruit_fields
Lair:5:   hangedman_lair_caniforms_friends, layout_regular_city,
          hangedman_lair_in_review, minmay_slime_entry_pillars
Orc:1:    layout_caves, uniq_sonja, uniq_maurice
Orc:2:    grunt_orc_cross, layout_caves, gammafunk_ghost_necromancy, uniq_nessos

Skill      XL: |  1  2  3  4  5  6  7  8  9 10 11 12 13 14 15 |
---------------+----------------------------------------------+-----
Fighting       | 4 5 6 7 8 9 11 12 13 15 16 | 16.5
Armour         | 4 5 6 7 8 10 11 12 13 | 13.7
Axes           | 3 4 5 6 8 9 11 13 14 15 16 18 19 | 19.2
Shields        | 4 5 6 7 8 10 12 14 | 14.5
Dodging        | 1 2 3 4 6 7 8 9 |  9.7
Stealth        | 1 2 3 4 |  4.0
Throwing       | 1 2 3 |  3.5
Invocations    | 1 |  1.9
Long Blades    | 5 6 |  6.9
Evocations     | 1 |  1.1

Action                     |  1- 3 |  4- 6 |  7- 9 | 10-12 | 13-15 || total
---------------------------+-------+-------+-------+-------+-------++-------
  Melee: War axe           |    64 |   127 |    92 |       |       ||   283
         Headbutt          |     8 |    20 |    33 |   159 |   252 ||   472
         Hand axe          |       |       |    93 |   665 |   151 ||   909
         Scimitar          |       |       |       |       |   245 ||   245
         Broad axe         |       |       |       |       |   708 ||   708
  Throw: Dart              |       |     3 |       |    14 |    18 ||    35
         Boomerang         |       |       |       |     3 |     2 ||     5
 Invoke: Heroism           |       |       |     1 |     8 |    14 ||    23
  Evoke: Wand              |       |       |       |     3 |     1 ||     4
    Use: Scroll            |       |     6 |     4 |     7 |    20 ||    37
         Potion            |       |       |     1 |     3 |    11 ||    15
   Stab: Sleeping          |       |       |       |     2 |       ||     2
         Invisible         |       |       |       |       |     1 ||     1
 Armour: Scale mail        |    44 |    41 |    35 |       |       ||   120
         Plate armour      |       |       |    60 |     5 |       ||    65
         Animal skin       |       |       |       |    75 |       ||    75
         Chain mail        |       |       |       |   117 |   705 ||   822
  Dodge: Dodged            |    32 |    49 |    61 |   223 |   524 ||   889
  Block: Buckler           |    12 |    32 |    49 |   125 |     8 ||   226
         Kite shield       |       |       |       |       |   416 ||   416
         Tower shield      |       |       |       |       |   406 ||   406
